 Dungeon Crawl Stone Soup version 0.17-a0-18-gc25b939 (webtiles) character file.

21872 Kaesh the Fighter (level 12, -7/115 HPs)
             Began as a Minotaur Fighter on Mar 7, 2015.
             Was a High Priest of the Shining One.
             Mangled by an elephant (11 damage)
             ... on level 5 of the Lair of Beasts.
             The game lasted 01:09:42 (15441 turns).

Kaesh the Fighter (Minotaur Fighter)               Turns: 15441, Time: 01:09:42

Health: -7/115     AC: 15    Str: 22    XL:     12   Next: 58%
Magic:  2/5        EV:  8    Int:  7    God:    the Shining One [*****.]
Gold:   690        SH: 14    Dex: 12    Spells: 0 memorised, 11 levels left

rFire  . . .     SeeInvis .     l - +2 falchion (freeze)
rCold  + . .     Clarity  .     v - +1 chain mail {rPois}
rNeg   + + .     SustAb   .     y - +1 buckler {reflect}
rPois  +         Gourm    .     (helmet restricted)
rElec  .         Spirit   .     f - +0 cloak
rCorr  .         Warding  .     (no gloves)
rMut   .         Stasis   +     (no boots)
MR     +....                    O - amulet of stasis
Stlth  ..........               j - ring of protection from cold
                                k - ring of protection from magic

@: divine shield, glowing, somewhat resistant to hostile enchantments, extremely
unstealthy
A: retaliatory headbutt, horns 2
a: Divine Shield, Cleansing Flame, Summon Divine Warrior, Renounce Religion


You were on level 5 of the Lair of Beasts.
You worshipped the Shining One.
The Shining One was extremely pleased with you.
You were not hungry.

You visited 2 branches of the dungeon, and saw 14 of its levels.
You also visited: Ossuary.

You collected 690 gold pieces.

Inventory:

Hand weapons
 l - a +2 falchion of freezing (weapon)
 E - a +0 scimitar of flaming
 P - the +6 trident of Responsibility {pierce, rC+}
   (You found it on level 6 of the Dungeon)

   It inflicts extra damage upon your enemies.
   It protects you from cold.
Armour
 f - a +0 cloak (worn)
 o - a +1 chain mail of cold resistance
 v - a +1 chain mail of poison resistance (worn)
 y - a +1 buckler of reflection (worn)
 R - the +0 ring mail of the Snake Pit {+Blink rElec Str-3 Dex+4 Slay+2}
   (You found it on level 6 of the Dungeon)

   It affects your strength (-3).
   It affects your dexterity (+4).
   It affects your accuracy and damage with ranged weapons and melee attacks
   (+2).
   It insulates you from electricity.
   It lets you blink.
Jewellery
 c - the ring of Elaarar {rC- Str+2 Int+4 Dex-4 Slay+3 SInv}
   (You found it on level 7 of the Dungeon)

   [ring of see invisible]

   It affects your strength (+2).
   It affects your intelligence (+4).
   It affects your dexterity (-4).
   It affects your accuracy and damage with ranged weapons and melee attacks
   (+3).
   It makes you vulnerable to cold.
   It enhances your eyesight.
 j - a ring of protection from cold (right hand)
 k - a ring of protection from magic (left hand)
 r - an uncursed amulet of the gourmand
 K - an uncursed ring of positive energy
 O - an amulet of stasis (around neck)
Magical devices
 b - a wand of paralysis (9)
 h - a wand of magic darts (19)
 B - a wand of fireball (2)
 D - a wand of fire (2)
 J - a wand of lightning (12)
 N - a wand of fireball (7)
 Q - a wand of enslavement (15)
Scrolls
 i - 22 scrolls of identify
 m - a scroll of vulnerability {unknown}
 n - 8 scrolls of remove curse
 p - 5 scrolls of enchant weapon
 s - 2 scrolls of teleportation
 u - 3 scrolls of recharging
 G - 2 scrolls of fear
 H - 2 scrolls of amnesia
 M - a scroll of enchant armour
Potions
 e - 2 potions of might
 q - 4 potions of curing
 z - a potion of agility
 F - 2 potions of haste
 I - a potion of mutation {unknown}
Books
 w - a book of Fire

   Spells                             Type                      Level
   a - Ignite Poison                  Fire/Transmutation           5
   b - Fireball                       Conjuration/Fire             5
   c - Bolt of Fire                   Conjuration/Fire             6
   d - Delayed Fireball               Conjuration/Fire             7
   e - Ring of Flames                 Charms/Fire                  7
 A - a book of Enchantments

   Spells                             Type                      Level
   a - Tukima's Dance                 Hexes                        3
   b - Cause Fear                     Hexes                        4
   c - Silence                        Hexes/Air                    5
   d - Deflect Missiles               Charms/Air                   6
   e - Haste                          Charms                       6
   f - Discord                        Hexes                        8
 L - a Young Poisoner's Handbook

   Spells                             Type                      Level
   a - Sting                          Conjuration/Poison           1
   b - Cure Poison                    Poison                       2
   c - Mephitic Cloud                 Conjuration/Poison/Air       3
   d - Olgreb's Toxic Radiance        Poison                       4
   e - Venom Bolt                     Conjuration/Poison           5
   The Shining One disapproves of the use of such an item.
Comestibles
 a - 4 chunks of flesh
 d - 9 bread rations
 g - 4 meat rations
 t - 9 slices of pizza
 x - 5 fruits


   Skills:
 + Level 13.3 Fighting
 + Level 12.5 Long Blades
 + Level 12.5 Armour
 + Level 12.9 Shields


You had 11 spell levels left.
You didn't know any spells.

Dungeon Overview and Level Annotations

Branches:
Dungeon (9/15)             Temple (0/1) D:7            Lair (5/8) D:9
  Snake (0/5) Lair:3          Orc (0/4) D:9
  Swamp: Lair:3-6    Shoals: Lair:3-6

Altars:
Cheibriados
Elyvilon
Gozag
Kikubaaqudgha
Makhleb
Nemelex Xobeh
Sif Muna
Zin
The Shining One

Shops:
D:4 %

Annotations:
Lair:5 exclusion: ice statue


Innate Abilities, Weirdness & Mutations

You reflexively headbutt those who attack you in melee.
You have a pair of horns on your head.


Message History

The elephant trunk-slaps you but does no damage.
The elephant tramples you but does no damage.
You block the elephant's attack.
Drink which item? (? for menu, Esc to quit)
You feel better.
The elephant tramples you but does no damage.
The elephant closely misses you. The elephant tramples you.
* * * LOW HITPOINT WARNING * * *
You hold your ground!
The elephant closely misses you.
The elephant tramples you but does no damage.
The elephant trunk-slaps you but does no damage.
You hit the elephant. You freeze the elephant.
You headbutt the elephant, but do no damage.
The elephant is heavily wounded.
The elephant tramples you!
* * * LOW HITPOINT WARNING * * *
You hold your ground!
You block the elephant's attack.
The elephant tramples you but does no damage.
You block the elephant's attack. The elephant tramples you!
You die...

### .. #.#.. ...##.####### .....
..F....
....#..##.Y#@##..............
...........YYYY...............
............YYY................
...............................
............................$..
................................
.....Y..........................
...........................>....
...............................


You could see 7 elephants.

Vanquished Creatures
  Rupert (Lair:4)
  An ice dragon (Lair:5)
  Erica (Lair:2)
  The ghost of Bikalo the Cleaver, an experienced MiFi of Ru (D:9)
  2 griffons
  An elephant (Lair:5)
  2 black mambas
  A guardian serpent (Lair:3)
  The ghost of hornqvist the Slicer, an experienced VSAs (D:6)
  6 spiny frogs
  5 komodo dragons
  A troll (D:9)
  3 polar bears
  A two-headed ogre (D:9)
  A basilisk (Lair:4)
  A boulder beetle (Lair:4)
  14 yaks
  8 blink frogs (Lair:5)
  2 wraiths (Ossuary)
  2 spriggans
  A deep elf fighter (D:9)
  3 hippogriffs
  9 wolves
  9 porcupines
  2 sky beasts
  12 ice beasts
  An eye of draining (D:9)
  An orc warrior (D:9)
  A black bear (Lair:4)
  5 water moccasins
  A necrophage (D:7)
  A phantom (D:4)
  6 crocodiles
  3 ogres
  2 centaurs
  14 giant frogs
  Blork the orc (D:7)
  A gnoll sergeant (D:8)
  An electric eel (Lair:3)
  7 wights
  3 jellies
  3 crimson imps
  2 goliath beetles
  2 giant frog skeletons
  2 centaur skeletons
  6 hounds
  6 orc priests
  7 orc wizards
  2 worker ants
  6 iguanas
  7 sheep (Lair:4)
  A hound skeleton (D:6)
  A worker ant zombie (D:9)
  28 river rats
  21 adders
  10 gnolls
  2 white imps (Lair:5)
  2 giant mites
  A shadow imp (D:5)
  2 worms (D:2)
  2 adder zombies
  An adder skeleton (D:6)
  4 giant geckos
  3 oozes
  22 orcs
  A bat skeleton (D:8)
  2 bat zombies
  4 giant cockroaches
  17 goblins
  10 hobgoblins
  12 jackals
  12 kobolds
  11 quokkas
  7 ball pythons
  A ball python skeleton (Ossuary)
  16 bats
  A giant gecko zombie (D:6)
  5 giant newts
  2 goblin zombies (D:5)
  A hobgoblin skeleton (Ossuary)
  A hobgoblin zombie (Ossuary)
  2 kobold zombies (Ossuary)
  An orc skeleton (Ossuary)
  2 orc zombies (Ossuary)
  A quokka skeleton (D:7)
  21 rats
412 creatures vanquished.

Notes
Turn   | Place    | Note
--------------------------------------------------------------
     0 | D:1      | Kaesh, the Minotaur Fighter, began the quest for the Orb.
     0 | D:1      | Reached XP level 1. HP: 19/19 MP: 1/1
     2 | D:1      | Noticed a naga
     2 | D:1      | Noticed a minotaur
     4 | D:1      | Noticed a troll
     4 | D:1      | Noticed an ogre
     6 | D:1      | Noticed a human
     8 | D:1      | Noticed a vampire
     8 | D:1      | Noticed a vine stalker
    10 | D:1      | Noticed a felid
    10 | D:1      | Noticed a dwarf
    12 | D:1      | Noticed a draconian
    12 | D:1      | Noticed an elf
    14 | D:1      | Noticed a tengu
    16 | D:1      | Noticed a centaur
    16 | D:1      | Noticed a demigod
    18 | D:1      | Noticed an octopode
    20 | D:1      | Noticed a ghoul
    20 | D:1      | Noticed a demonspawn
    22 | D:1      | Noticed a spriggan
    24 | D:1      | Noticed a formicid
    24 | D:1      | Noticed a merfolk
    26 | D:1      | Noticed a gargoyle
   206 | D:1      | Reached XP level 2. HP: 25/27 MP: 0/1
   431 | D:1      | Reached skill level 4 in Fighting
   689 | D:2      | Reached XP level 3. HP: 33/33 MP: 2/2
   768 | D:2      | Reached XP level 4. HP: 33/41 MP: 2/2
  1257 | D:2      | Found a burning altar of Makhleb.
  1277 | D:2      | Reached skill level 5 in Fighting
  1418 | D:2      | Reached XP level 5. HP: 48/48 MP: 2/2
  1739 | D:3      | Found a glowing golden altar of the Shining One.
  1768 | D:3      | Became a worshipper of the Shining One
  2402 | D:3      | Found a sparkling altar of Nemelex Xobeh.
  2413 | D:3      | Found a glowing silver altar of Zin.
  2522 | D:3      | Found an opulent altar of Gozag.
  2689 | D:4      | Reached skill level 5 in Shields
  2892 | D:4      | Found Ghibber's Food Shoppe.
  2988 | D:4      | Reached XP level 6. HP: 49/56 MP: 3/3
  3022 | D:4      | Found an ancient bone altar of Kikubaaqudgha.
  3157 | D:4      | Noticed a phantom
  3193 | D:4      | Killed a phantom
  3193 | D:4      | Reached skill level 6 in Fighting
  3193 | D:4      | Reached skill level 5 in Armour
  3249 | D:5      | Entered Level 5 of the Dungeon
  3408 | D:5      | Found a sand-covered staircase.
  3416 | D:5      | Acquired the Shining One's first power
  3422 | Ossuary  | Entered an ossuary
  3519 | Ossuary  | Noticed a flying skull
  3519 | Ossuary  | Noticed a wraith
  3526 | Ossuary  | Noticed a flying skull
  3532 | Ossuary  | Noticed a wraith
  3538 | Ossuary  | Killed a wraith
  3538 | Ossuary  | Reached XP level 7. HP: 57/64 MP: 3/3
  3547 | Ossuary  | Noticed a flying skull
  3547 | Ossuary  | Acquired the Shining One's second power
  3551 | Ossuary  | Noticed a flying skull
  3564 | Ossuary  | Noticed a wraith
  3580 | Ossuary  | Killed a wraith
  3580 | Ossuary  | Reached skill level 5 in Long Blades
  3689 | Ossuary  | Noticed a flying skull
  3954 | D:5      | Found a deep blue altar of Sif Muna.
  4131 | D:5      | Reached skill level 7 in Fighting
  4131 | D:5      | Reached XP level 8. HP: 65/73 MP: 3/3
  4404 | D:5      | Found a snail-covered altar of Cheibriados.
  4821 | D:6      | Got a polished trident
  4874 | D:6      | Found a white marble altar of Elyvilon.
  4878 | D:6      | Noticed hornqvist's ghost (experienced VSAs)
  4948 | D:6      | Killed hornqvist's ghost
  5018 | D:6      | Identified the +6 trident of Responsibility {pierce, rC+} (You found it on level 6 of the Dungeon)
  5111 | D:6      | Got a blackened ring mail
  5122 | D:6      | Identified the cursed +0 ring mail of the Snake Pit {+Blink rElec Str-3 Dex+4 Slay+2} (You found it on level 6 of the Dungeon)
  5389 | D:6      | Reached skill level 8 in Fighting
  5817 | D:7      | Noticed Blork the orc
  5829 | D:7      | Killed Blork the orc
  5829 | D:7      | Reached XP level 9. HP: 75/82 MP: 4/4
  5894 | D:7      | Got a scintillating marble ring
  5895 | D:7      | Identified the ring of Elaarar {rC- Str+2 Int+4 Dex-4 Slay+3 SInv} (You found it on level 7 of the Dungeon)
  6311 | D:7      | Found a staircase to the Ecumenical Temple.
  7212 | D:8      | Acquired the Shining One's third power
  7219 | D:8      | Reached skill level 9 in Fighting
  7916 | D:9      | Reached XP level 10. HP: 65/93 MP: 4/4
  7957 | D:9      | Found a staircase to the Lair.
  8135 | D:9      | Reached skill level 10 in Fighting
  8171 | D:9      | Noticed Bikalo's ghost (experienced MiFi)
  8206 | D:9      | Killed Bikalo's ghost
  8510 | D:9      | Reached skill level 10 in Shields
  8638 | D:9      | Found a staircase to the Orcish Mines.
  8704 | D:9      | Noticed a komodo dragon
  8790 | D:9      | Acquired the Shining One's fourth power
  8803 | D:9      | Killed a komodo dragon
  9336 | Lair:1   | Entered Level 1 of the Lair of Beasts
  9385 | Lair:1   | Reached skill level 10 in Armour
  9711 | Lair:1   | Reached skill level 11 in Fighting
  9723 | Lair:1   | Reached skill level 10 in Long Blades
  9924 | Lair:1   | Reached XP level 11. HP: 100/102 MP: 4/4
 10483 | Lair:2   | Noticed Erica
 10502 | Lair:2   | Killed Erica
 11556 | Lair:3   | Reached skill level 12 in Fighting
 11718 | Lair:3   | Found a staircase to the Snake Pit.
 13313 | Lair:4   | Reached XP level 12. HP: 76/113 MP: 5/5
 13985 | Lair:4   | Noticed Rupert
 14015 | Lair:4   | Killed Rupert
 14811 | Lair:5   | Reached skill level 13 in Fighting
 15234 | Lair:5   | Noticed an ice dragon
 15264 | Lair:5   | Killed an ice dragon
 15441 | Lair:5   | HP: 4/115 [elephant (10)]
 15441 | Lair:5   | Mangled by an elephant

Action                   |  1- 3 |  4- 6 |  7- 9 | 10-12 || total
-------------------------+-------+-------+-------+-------++-------
Melee: Long sword        |    61 |   229 |    36 |       ||   326
       Scimitar          |       |       |   112 |       ||   112
       Falchion          |       |       |   182 |   732 ||   914
Invok: Divine Shield     |       |       |       |     3 ||     3
Evoke: Wand              |       |       |       |     3 ||     3
  Use: Scroll            |       |       |    12 |     2 ||    14
       Potion            |       |       |    17 |     9 ||    26
  Eat: Chunk             |       |    14 |    14 |    17 ||    45
       Beef jerky        |       |       |       |     2 ||     2
       Bread ration      |       |       |       |     1 ||     1
